AoeStats
← ĐẠI ĐÔ ĐỐC MẠNH ĐẠT

Arabia

517195335Analyzed
1v1 RM · 6d ago on Oct 29, 2026· 32m 35s· 2 players
Game mode
Random Map
Map size
Tiny (2 player)
Population
200
Speed
Normal
Resources
Standard
Victory
Conquest
Starting age
Dark Age
Ending age
Imperial Age
RankedLock teamsTeams togetherTeam positionsShared explorationLock speedFull tech treeHidden civsTurbo modeCheats
Victory
Defeat
1771
+18
vs
🇩🇪 Maya · Germany
1812
-18
ĐẠI ĐÔ ĐỐC MẠNH ĐẠT
6:24 Loom
8:55 Feudal Age
10:54 Fletching
12:01 Padded Archer Armor
27:07 Castle Age
27:47 Bodkin Arrow
27:40 Double-Bit Axe
27:47 Gold Mining
27:38 Horse Collar
31:20 Ballistics
musialaseinjamal
0:27 Loom
9:20 Feudal Age
10:56 Double-Bit Axe
11:58 Wheelbarrow
14:06 Fletching
17:25 Scale Mail Armor
18:52 Forging
26:03 Castle Age
27:28 Chain Mail Armor
26:48 Eagle Warrior
Connection lost

Rejoining the realm…

Still unreachable

The connection could not be restored.

Session expired

The server has moved on; the page needs a fresh start.